 Dungeon Crawl Stone Soup version 0.28-a0-1002-gf00fe891ef (webtiles) character file.

Game seed: 1443751131125993681

476 croobank the Skirmisher (level 6, -3/51 HPs)
             Began as a Palentonga Abyssal Knight on Dec 6, 2021.
             Was a Priest of Lugonu.
             Slain by a gnoll (10 damage)
             ... on level 4 of the Dungeon.
             The game lasted 00:20:29 (4040 turns).

croobank the Skirmisher (Palentonga Abyssal Knight) Turns: 4040, Time: 00:20:30

Health: -3/51      AC:  5    Str: 22    XL:     6   Next: 85%
Magic:  8/11       EV:  9    Int: 13    God:    Lugonu [***...]
Gold:   1219       SH:  0    Dex: 10    Spells: 9/12 levels left

rFire   . . .      SeeInvis +   a - +1 hand axe
rCold   . . .      Faith    .   (no shield)
rNeg    . . .      Spirit   .   c - +0 leather armour
rPois   .          Reflect  .   (no helmet)
rElec   .          Harm     .   r - +0 cloak
rCorr   .          Rampage  .   (no gloves)
Will    .....                   (no barding)
Stlth   +.........              (no amulet)
HPRegen 0.17/turn               u - +6 ring of strength
MPRegen 0.12/turn               (no ring)

@: swift, attractive, quick
A: large, rugged brown scales 3, see invisible, deformed body, roll 1, armoured
tail
a: Rolling Charge, Renounce Religion, Depart the Abyss, Bend Space, Banish


You were on level 4 of the Dungeon.
You worshipped Lugonu.
Lugonu was most pleased with you.
You visited 1 branch of the dungeon, and saw 4 of its levels.
You visited the Abyss 1 time.

You collected 1219 gold pieces.

Inventory:

Hand Weapons
 a - a +1 hand axe (weapon)
 b - a +0 hunting sling
 k - a +0 scythe
 n - a +0 war axe
 p - a +2 vampiric short sword
 y - a +2 vampiric falchion
Missiles
 d - 6 boomerangs
 e - 44 bolts
 h - 54 arrows
 i - 28 poisoned darts
 j - 3 atropa-tipped darts
 m - 30 sling bullets
 w - 35 stones
Armour
 c - a +0 leather armour (worn)
 f - a +0 ring mail
 q - a +0 chain mail
 r - a +0 cloak (worn)
 v - a +2 scale mail of willpower
Jewellery
 t - a ring of resist corrosion
 u - a +6 ring of strength (left hand)
Wands
 z - a wand of flame (46)
 B - a wand of iceblast (8)
Potions
 g - 2 potions of cancellation
 o - a potion of invisibility {unknown}
 s - a potion of heal wounds {unknown}
 x - a potion of attraction
 A - a potion of magic {unknown}


   Skills:
 - Level 3.7 Fighting
 - Level 2.9 Axes
 - Level 0.2 Slings
 - Level 2.1 Armour
 - Level 0.8 Dodging
 + Level 3.5 Spellcasting
 + Level 3.2 Air Magic
 - Level 2.6 Invocations


You had 9 spell levels left.
You knew the following spells:

 Your Spells              Type           Power      Damage    Failure   Level
a - Swiftness             Air            10%        N/A       21%         3

Your spell library contained the following spells:

 Spells                   Type           Power      Damage    Failure   Level
 Passwall                 Tmut/Erth      1%         N/A       36%         2
 Conjure Flame            Conj/Fire      2%         6-21      58%         3
 Ignite Poison            Fire/Tmut/Pois 2%         N/A       58%         3
 Sticky Flame             Conj/Fire      2%         2d3       94%         4


Dungeon Overview and Level Annotations

Branches:
Dungeon (4/15)             Temple (0/1) D:4

Altars:
Fedhas
Nemelex Xobeh

Shops:
D:3 (


Innate Abilities, Weirdness & Mutations

You are completely covered in rugged brown scales. (AC +3, +7% HP)
You have supernaturally acute eyesight. (SInv)
Armour fits poorly on your strangely shaped body.
You can roll at nearby foes to attack.
You have a long armoured tail.


Message History

The gnoll shouts! x2
A gnoll comes into view. It is wielding a +0 flail.
There's nothing you can charge at! There's nothing you can charge at!
The gnoll shouts!
A gnoll comes into view. It is wielding a +0 spear.
Roll where?
Press: ? - help, Q - select action, (/) - cycle Dir - move target, f - gnoll
Aim: a gnoll, wielding a +0 halberd You roll forward with a clatter of scales!
Found 7 gold pieces.
The gnoll shouts!
You slash the gnoll!
The gnoll is almost dead.
The gnoll hits you with a +0 halberd!
You barely miss the gnoll.
The gnoll is almost dead.
You hit the gnoll. The gnoll hits you with a +0 whip!
The gnoll hits you with a +0 halberd. The gnoll hits you with a +0 flail!
The gnoll hits you from afar with a +0 halberd!
* * * LOW HITPOINT WARNING * * *
There is an open door here.
It was a potion of attraction.
You feel attractive to monsters.
It was a potion of curing.
You feel better. The gnoll hits you with a +0 flail.
The gnoll hits you from afar with a +0 spear.
Casting: Swiftness (dangerous; 21% risk of failure)
Confirm with . or Enter, or press ? or * to list all spells.
You feel quick. The gnoll hits you with a +0 flail!
* * * LOW HITPOINT WARNING * * *
The gnoll hits you from afar with a +0 spear.
* * * LOW HITPOINT WARNING * * *
The gnoll is attracted toward you. The gnoll is attracted toward you. x4
The gnoll is attracted toward you. x3
You open the door.
The gnoll hits you from afar with a +0 spear.
* * * LOW HITPOINT WARNING * * *
The gnoll hits you with a +0 flail!
You die...

####....#..##....#...##.
####'#####....##..##.
#.......########..##.
###.......##....#......
#.+...>...'.†...#...##.
#.#.......#.....##..###
#.#.......##....#####
#.####'#####†####
#.....@#####....#
####.g##........#
##.g##........#
#.............#
#....g§.##....#
##..##g§############.
######..##.§##....#......
#.......#....§....'......
#.......#.........#......


You could see 2 gnolls.

Vanquished Creatures
  Sigmund (D:3)
  A scorpion (D:4)
  A howler monkey (D:4)
  Terence (D:3)
  2 orc wizards (D:4)
  Robin (D:3)
  5 adders
  An adder skeleton (D:4)
  2 worms
  2 dart slugs
  4 orcs (D:4)
  3 bats
  5 endoplasms
  3 giant cockroaches
  13 goblins
  13 hobgoblins
  6 jackals
  4 kobolds
  6 ball pythons
  2 frilled lizards
  5 rats
81 creatures vanquished.

Vanquished Creatures (others)
  A plant (D:3)
1 creature vanquished.

Grand Total: 82 creatures vanquished

Notes
Turn   | Place    | Note
-------+----------+-------------------------------------------
     0 | Abyss:1  | croobank the Palentonga Abyssal Knight began the quest for
                  | the Orb.
     0 | Abyss:1  | Reached XP level 1. HP: 19/19 MP: 2/2
    12 | D:1      | Escaped the Abyss
   424 | D:1      | Reached XP level 2. HP: 25/25 MP: 3/3
   554 | D:1      | Found a faded altar of an unknown god.
  1155 | D:1      | Reached XP level 3. HP: 17/31 MP: 4/4
  1734 | D:2      | Identified a scroll of acquirement
  1734 | D:2      | Acquired 1071 gold pieces
  2180 | D:3      | Found a blossoming altar of Fedhas.
  2188 | D:3      | Noticed Terence
  2201 | D:3      | Killed Terence
  2202 | D:3      | Reached XP level 4. HP: 9/39 MP: 5/5
  2646 | D:3      | Found a sparkling altar of Nemelex Xobeh.
  2704 | D:3      | Reached ** piety under Lugonu
  2757 | D:3      | Noticed Robin
  2761 | D:3      | Killed Robin
  2899 | D:3      | Reached skill level 1 in Spellcasting
  2993 | D:3      | Found Piothruops's Antique Weapon Shoppe.
  3003 | D:3      | Learned a level 3 spell: Swiftness
  3031 | D:3      | Noticed Sigmund
  3051 | D:3      | Killed Sigmund
  3052 | D:3      | Reached XP level 5. HP: 18/44 MP: 5/8
  3366 | D:4      | Reached XP level 6. HP: 47/51 MP: 9/9
  3887 | D:4      | Found a staircase to the Ecumenical Temple.
  3906 | D:4      | Reached *** piety under Lugonu
  4040 | D:4      | Slain by a gnoll

Illustrated notes

Levels and vault maps discovered:
D:1:      erik_arrival_triangle_small, layout_basic, serial_glass,
          glass_columns_a, glass_columns_a, hellmonk_ecumenical_altar_zigzags
D:2:      layout_basic, grunt_decor_arrowhead, minmay_close_crescents
D:3:      layout_basic, nemelex_xobeh_ov_fountains_minmay,
          fedhas_ov_isle_minmay, serial_shops, shop_fountains, uniq_robin,
          uniq_terence, uniq_sigmund
D:4:      layout_gridville, okawaru_altar_gauntlet_db,
          gammafunk_temple_overflow_elements,
          chequers_temple_overflow_statue_of_worship, temple_green,
          glass_columns_c, minmay_misc_feat_doors

Skill      XL: |  1  2  3  4  5  6 |
---------------+-------------------+-----
Armour         | 2 |  2.1
Spellcasting   | 2 3 |  3.5
Air Magic      | 2 3 |  3.2
Fighting       | |  3.7
Axes           | |  2.9
Slings         | |  0.2
Dodging        | |  0.8
Invocations    | |  2.6

Action                   |  1- 3 |  4- 6 || total
-------------------------+-------+-------++-------
Melee: Hand axe          |   101 |   121 ||   222
       Tailslap          |     9 |    15 ||    24
 Fire: Hunting sling     |     5 |       ||     5
 Cast: Swiftness         |       |     1 ||     1
 Abil: Rolling Charge    |       |    15 ||    15
  Use: Scroll            |     3 |     3 ||     6
       Potion            |       |     2 ||     2
Armor: Leather armour    |    23 |    48 ||    71
Dodge: Dodged            |    48 |    55 ||   103

Table legend: (Time is in decaauts)
 A = Elapsed time spent in this place.
 B = Non-inter-level travel time spent in this place.
 C = Inter-level travel time spent in this place.
 D = Time resting spent in this place.
 E = Time spent auto-exploring this place.
 F = Levels seen in this place.
 G = Mean time per level.
                   A        B        C        D        E       F      G
               +--------+--------+--------+--------+--------+-----+--------+
         Total |   4074 |   4041 |     33 |    514 |   2728 |   5 |  814.8 |
       Dungeon |   4062 |   4029 |     33 |    514 |   2727 |   4 | 1015.5 |
         Abyss |     12 |     12 |      0 |      0 |      1 |   1 |   12.0 |
               +--------+--------+--------+--------+--------+-----+--------+

Top non-repeatable levels by time:
     D:1: 1539 daAuts
     D:3: 1151 daAuts
     D:4: 732 daAuts
     D:2: 639 daAuts
 Abyss:1: 12 daAuts
